Map: Jagannatha LE

Players

Nina - Winner!

  • Race: Protoss Protoss

MCanning

  • Race: Protoss Protoss

Event: DreamHack SC2 Masters 2021 Winter

VOD

Have the link to the VOD?

Description

Time

  • Played on: Oct. 5, 2021, 5:29 p.m.
  • Length: 15:55

All games in this series

Show
View Real Time Build Order
Export as new Build Order

Nina Protoss - Winner!

Build Orders:  

Get SALT Encoding   

  12  0:01  Probe  
  13  0:13  Probe  
  14  0:18  Pylon  
  14  0:25  Probe (Chrono Boost)  
  15  0:37  Probe (Chrono Boost)  
  15  0:39  Gateway  
  16  0:46  Probe (Chrono Boost)  
  17  0:51  Assimilator  
  17  0:52  Probe  
  18  0:58  Assimilator  
  18  1:04  Probe (Chrono Boost)  
  19  1:11  Gateway  
  19  1:15  Probe (Chrono Boost)  
  20  1:20  Probe (Chrono Boost)  
  21  1:27  Cybernetics Core  
  21  1:31  Probe  
  22  1:36  Pylon  
  22  1:43  Probe  
  23  1:55  Probe  
  24  2:05  Stalker x2  
  24  2:07  Probe  
  24  2:08  Warp Gate  
  29  2:14  Pylon  
  29  2:19  Probe  
  30  2:29  Pylon  
  29  2:32  Probe  
  30  2:40  Adept  
  30  2:41  Adept  
  30  2:44  Probe  
  35  2:56  Probe  
  36  3:04  Nexus  
  36  3:09  Probe  
  36  3:12  Sentry x2  
  41  3:21  Probe  
  41  3:25  Pylon  
  42  3:27  Shield Battery  
  42  3:34  Probe  
  43  3:39  Twilight Council  
  43  3:46  Probe  
  44  3:52  Gateway  
  44  3:56  Stalker  
  46  4:03  Stalker  
  48  4:10  Probe  
  49  4:19  Shield Battery  
  49  4:22  Probe  
  49  4:24  Stalker  
  50  4:31  Stalker  
  50  4:33  Probe  
  50  4:35  Probe  
  51  4:45  Probe  
  52  4:47  Probe  
  52  4:49  Blink (Chrono Boost)  
  53  4:57  Probe  
  53  4:58  Forge  
  55  5:00  Probe  
  55  5:09  Probe  
  55  5:12  Probe  
  57  5:21  Stalker x3, Probe  
  58  5:24  Probe, Protoss Ground Weapons Level 1  
  58  5:26  Robotics Facility  
  63  5:33  Probe  
  63  5:35  Pylon  
  62  5:36  Probe  
  62  5:40  Photon Cannon  
  63  5:50  Probe  
  63  5:51  Stalker x2  
  63  5:55  Assimilator  
  68  5:58  Pylon  
  68  6:01  Probe  
  68  6:03  Gateway  
  69  6:05  Stalker  
  69  6:09  Gateway  
  71  6:14  Observer (Chrono Boost)  
  72  6:24  Stalker  
  74  6:26  Stalker  
  74  6:30  Nexus  
  76  6:37  Pylon  
  76  6:52  Stalker x3  
  82  6:55  Gateway  
  82  6:57  Probe  
  81  7:06  Gateway  
  81  7:08  Probe  
  82  7:09  Gateway, Probe  
  82  7:12  Gateway  
  67  7:24  Stalker x4  
  67  7:27  Probe  
  74  7:32  Stalker  
  74  7:34  Probe  
  77  7:42  Gateway  
  77  7:52  Zealot  
  77  7:53  Zealot  
  77  7:56  Stalker x2  
  77  7:57  Stalker  
  83  8:00  Observer (Chrono Boost)  
  83  8:02  Zealot  
  83  8:04  Zealot  
  88  8:09  Stalker  
  90  8:14  Zealot x2, Charge (Chrono Boost)  
  88  8:28  Probe  
  88  8:33  Stalker x2  
  93  8:37  Photon Cannon, Probe  
  93  8:39  Assimilator, Protoss Ground Weapons Level 2 (Chrono Boost)  
  94  8:44  Probe x2  
  96  8:48  Photon Cannon  
  96  8:50  Probe  
  96  8:54  Pylon  
  97  9:00  Probe, Pylon  
  97  9:02  Pylon  
  98  9:18  Nexus  
  98  9:24  Zealot x7  
  104  9:27  Probe  
  104  9:29  Templar Archives  
  104  9:30  Probe  
  114  9:33  Pylon  
  114  9:34  Warp Prism, Probe  
  115  9:39  Probe  
  115  9:42  Probe  
  119  9:46  Probe  
  119  9:51  Assimilator x2  
  120  9:59  Zealot x4  
  128  10:03  Dark Shrine  
  128  10:05  Zealot  
  129  10:07  Zealot  
  131  10:17  Photon Cannon  
  131  10:18  High Templar  
  133  10:22  Pylon  
  133  10:23  Pylon x2  
  133  10:28  Gateway  
  133  10:30  Pylon  
  133  10:31  High Templar x2  
  133  10:32  High Templar  
  139  10:35  Archon  
  139  10:36  Archon  
  139  10:37  High Templar x2  
  139  10:38  Probe x3  
  139  10:39  Probe  
  146  10:43  Observer, Archon  
  146  10:48  Zealot x3  
  153  10:52  Probe (Chrono Boost)  
  153  10:53  Probe x2 (Chrono Boost)  
  153  10:56  Probe (Chrono Boost)  
  157  10:57  Photon Cannon  
  157  11:00  Protoss Ground Weapons Level 3  
  157  11:06  Zealot x2  
  157  11:08  Zealot  
  149  11:22  Probe  
  116  11:28  Probe  
  116  11:29  Robotics Bay  
  116  11:30  Dark Templar x2  
  116  11:31  Robotics Facility, Dark Templar  
  107  11:41  Dark Templar  
  107  11:42  Zealot x3  
  107  11:43  Zealot x3  
  107  11:45  Probe, Shield Battery  
  122  11:53  Robotics Facility  
  122  12:07  Zealot x7  
  122  12:08  Zealot  
  120  12:15  Zealot  
  120  12:23  Probe  
  120  12:24  Disruptor x2  
  120  12:27  Photon Cannon  
  125  12:31  Dark Templar x3  
  125  12:37  Assimilator  
  125  12:38  Assimilator  
  125  12:41  Stalker x4  
  133  12:47  Stalker  
  133  12:54  Disruptor (Chrono Boost)  
  122  13:08  Disruptor (Chrono Boost)  
  120  13:18  Disruptor (Chrono Boost)  
  120  13:23  Photon Cannon  
  120  13:25  Probe  
  121  13:29  Zealot x2  
  121  13:30  Zealot x6  
  121  13:33  Disruptor (Chrono Boost)  
  137  13:38  Nexus  
  137  13:39  Zealot  
  142  13:43  Disruptor  
  145  13:55  Disruptor  
  145  13:59  Photon Cannon  
  148  14:07  Photon Cannon  
  148  14:10  Photon Cannon  
  148  14:18  Disruptor  
  148  14:23  Stalker x6  
  148  14:24  Stalker x3  
  167  14:26  Photon Cannon  
  167  14:28  Photon Cannon  
  163  14:55  Zealot x9  
  169  15:02  Disruptor  
  169  15:05  Disruptor  
  175  15:09  Disruptor  
  176  15:19  Observer  
  172  15:34  Dark Templar x7  
  172  15:35  Dark Templar x2  
Show
View Real Time Build Order
Export as new Build Order

MCanning Protoss 

Build Orders: Chargelot Immortal 

Get SALT Encoding   

  12  0:00  Probe  
  13  0:12  Probe  
  14  0:17  Pylon  
  14  0:24  Probe  
  15  0:35  Gateway  
  15  0:36  Probe (Chrono Boost)  
  16  0:46  Assimilator, Probe (Chrono Boost)  
  17  0:51  Probe (Chrono Boost)  
  17  0:55  Assimilator  
  18  1:03  Probe (Chrono Boost)  
  20  1:11  Gateway  
  20  1:12  Probe (Chrono Boost)  
  20  1:17  Probe (Chrono Boost)  
  21  1:27  Cybernetics Core  
  21  1:30  Probe  
  22  1:37  Pylon  
  22  1:42  Probe  
  23  1:55  Probe  
  24  2:01  Warp Gate (Chrono Boost)  
  24  2:03  Adept  
  24  2:04  Adept  
  24  2:07  Probe  
  29  2:16  Pylon  
  29  2:29  Pylon  
  29  2:33  Adept  
  29  2:34  Adept  
  33  2:55  Nexus  
  33  3:03  Adept  
  35  3:06  Adept  
  37  3:13  Pylon  
  37  3:20  Shield Battery  
  37  3:22  Probe  
  39  3:34  Probe  
  39  3:44  Adept x2  
  39  3:46  Probe  
  44  3:55  Pylon  
  44  3:58  Probe  
  45  4:05  Shield Battery  
  45  4:07  Stalker  
  45  4:09  Sentry  
  49  4:10  Probe (Chrono Boost)  
  51  4:17  Probe (Chrono Boost)  
  51  4:21  Probe (Chrono Boost)  
  53  4:25  Probe (Chrono Boost)  
  53  4:28  Probe  
  52  4:36  Stalker  
  52  4:37  Stalker  
  51  4:39  Probe (Chrono Boost)  
  51  4:40  Robotics Facility  
  51  4:42  Probe (Chrono Boost)  
  50  4:50  Probe (Chrono Boost)  
  50  4:52  Probe (Chrono Boost)  
  52  4:55  Shield Battery  
  52  4:58  Probe (Chrono Boost)  
  52  5:00  Probe (Chrono Boost)  
  52  5:02  Sentry  
  52  5:03  Probe (Chrono Boost), Sentry  
  52  5:06  Assimilator  
  57  5:08  Probe  
  55  5:15  Probe  
  55  5:20  Probe  
  55  5:23  Twilight Council  
  55  5:25  Stalker  
  58  5:29  Probe (Chrono Boost)  
  58  5:33  Probe (Chrono Boost)  
  60  5:36  Observer (Chrono Boost)  
  62  5:44  Probe (Chrono Boost)  
  62  5:45  Probe (Chrono Boost)  
  62  5:48  Twilight Council  
  62  5:49  Gateway, Probe (Chrono Boost), Pylon  
  62  5:52  Probe  
  65  5:59  Immortal (Chrono Boost)  
  65  6:02  Probe  
  69  6:05  Pylon  
  69  6:13  Charge (Chrono Boost)  
  69  6:14  Pylon  
  69  6:15  Gateway  
  69  6:18  Stalker x2  
  74  6:26  Pylon  
  74  6:32  Immortal (Chrono Boost)  
  74  6:33  Forge  
  77  6:45  Stalker x2  
  77  6:46  Stalker  
  77  6:52  Probe  
  78  7:02  Protoss Ground Weapons Level 1 (Chrono Boost)  
  78  7:04  Immortal, Probe  
  83  7:09  Stalker  
  83  7:16  Zealot  
  83  7:17  Zealot x2  
  79  7:27  Nexus  
  79  7:33  Zealot  
  81  7:42  Shield Battery  
  81  7:43  Immortal  
  83  7:44  Zealot x2  
  85  7:54  Zealot x2  
  87  8:01  Pylon  
  87  8:02  Probe  
  88  8:08  Zealot  
  88  8:09  Zealot  
  92  8:13  Gateway, Templar Archives  
  92  8:14  Probe  
  92  8:17  Probe  
  92  8:18  Photon Cannon  
  94  8:21  Zealot  
  94  8:25  Zealot  
  88  8:30  Probe  
  87  8:39  Gateway  
  87  8:40  Probe  
  88  8:42  Zealot  
  88  8:43  Zealot  
  92  8:50  High Templar x2  
  92  8:54  Assimilator, Archon  
  96  9:02  Gateway  
  96  9:05  Gateway  
  96  9:07  Zealot x2  
  96  9:08  Protoss Ground Weapons Level 2 (Chrono Boost)  
  96  9:19  Pylon  
  96  9:20  Zealot  
  90  9:25  Probe  
  90  9:27  Zealot x2  
  90  9:29  Photon Cannon  
  95  9:37  Robotics Bay  
  95  9:41  Dark Shrine  
  95  9:42  Photon Cannon  
  95  9:44  Pylon, Sentry  
  97  9:47  Zealot  
  97  9:48  Zealot x2  
  103  9:57  Probe  
  103  9:58  Probe  
  105  10:02  Nexus  
  105  10:06  Pylon  
  105  10:07  Probe  
  105  10:10  Probe  
  105  10:11  Observer (Chrono Boost)  
  108  10:16  High Templar x2  
  108  10:20  Zealot, Archon, Sentry  
  108  10:21  Zealot x3  
  120  10:24  Disruptor (Chrono Boost)  
  120  10:28  Gateway  
  123  10:30  Gateway  
  123  10:34  Pylon  
  123  10:38  Probe  
  123  10:39  Probe  
  123  10:41  Shield Battery  
  125  10:48  Photon Cannon, Robotics Facility  
  125  10:50  Disruptor (Chrono Boost)  
  125  10:53  Photon Cannon  
  128  11:00  Shadow Stride  
  128  11:01  Probe  
  129  11:05  Zealot x2  
  129  11:06  Zealot  
  129  11:11  Shield Battery  
  135  11:17  Zealot x4  
  135  11:18  Zealot  
  143  11:23  Disruptor  
  125  11:31  Zealot x2  
  127  11:38  Zealot x3  
  114  11:41  Blink (Chrono Boost)  
  114  11:44  Probe  
  115  11:48  Photon Cannon  
  115  11:50  Observer  
  115  11:51  Probe  
  115  11:53  Zealot x3  
  122  11:58  Disruptor  
  125  12:05  Disruptor (Chrono Boost)  
  121  12:10  Zealot x4  
  110  12:21  Zealot x4  
  109  12:38  Photon Cannon  
  109  12:39  Shield Battery  
  109  12:42  Observer (Chrono Boost)  
  109  12:45  Zealot x3  
  109  12:47  Dark Templar  
  109  12:49  Disruptor (Chrono Boost)  
  120  12:51  Dark Templar  
  123  13:03  Disruptor (Chrono Boost)  
  108  13:10  Nexus  
  105  13:13  Dark Templar  
  107  13:24  Probe  
  107  13:25  Observer  
  108  13:28  Probe  
  108  13:29  Probe  
  108  13:32  Assimilator  
  104  13:36  Assimilator, Probe  
  104  13:40  Probe  
  104  13:41  Probe  
  105  13:42  Stalker x2  
  105  13:43  Stalker  
  111  13:48  Probe  
  111  13:50  Disruptor (Chrono Boost)  
  111  13:53  Zealot x2  
  118  14:00  Disruptor (Chrono Boost)  
  121  14:07  Stalker  
  116  14:22  Disruptor (Chrono Boost)  
  114  14:25  Zealot x5  
  114  14:27  Probe x3  
  114  14:28  Probe  
  123  14:45  Zealot x5  
  123  14:46  Zealot  
  123  14:52  Disruptor  
  89  15:09  Stalker x5  
  99  15:18  Disruptor  
  102  15:22  Zealot x4  
  102  15:33  Probe  
  102  15:34  Probe  
  90  15:38  Probe  

Tags
 
Add a new tag
Caveats
  • Supply blocks, unpowered buildings, or Contaminate may cause inaccurate times.
  • Supply counts are checked every 10 seconds.